 Dungeon Crawl Stone Soup version 0.32-a0-961-gd60f5e5fc7 (webtiles) character file.

Game seed: 6332837372521438775

20505 ezpacito the Trooper (level 12, -4/101 HPs)
             Began as a Coglin Chaos Knight on Apr 17, 2024.
             Was a Plaything of Xom.
             Killed from afar by a deep elf pyromancer (7 damage)
             ... with a bolt of fire
             ... on level 12 of the Dungeon on Apr 18, 2024.
             The game lasted 00:19:27 (13015 turns).

ezpacito the Trooper (Coglin Chaos Knight)         Turns: 13015, Time: 00:19:27

Health: -4/101     AC: 17    Str: 18    XL:     12   Next: 80%
Magic:  18/18      EV: 13    Int: 17    God:    Xom [.*....]
Gold:   298        SH:  0    Dex: 16    Spells: 0/19 levels left

rFire   + + .        a - +0 hand axe (chaos) {Wilhemina}
rCold   . . .        K - +4 trident (drain) {Fernando}
rNeg    . . .        J - +1 acid dragon scales
rPois   .            H - +1 hat
rElec   .            v - +0 cloak
rCorr   +            I - +0 pair of gloves
SInv    .            h - +1 pair of boots
Will    .....        (amulet unavailable)
Stlth   ++           (ring unavailable)
HPRegen 0.36/turn    (ring unavailable)
MPRegen 0.16/turn    (no gizmo)

%: no passive effects
@: revving
A: off-hand wielding, slow wielding, warmup strikes, no jewellery, beak,
iridescent scales 1, agile 1, clever 2, fire resistance 2, mutation resistance
1, robust 1, shaggy fur 1, strong 1, wild magic 1
a: Invent Gizmo, Renounce Religion


You were on level 12 of the Dungeon.
You worshipped Xom.
You were a plaything of Xom.
You visited 2 branches of the dungeon, and saw 13 of its levels.

You collected 1642 gold pieces.
You spent 1344 gold pieces at shops.

Inventory:

Hand Weapons
 a - a +0 hand axe of chaos (weapon) {Wilhemina}
 n - a +0 hand cannon of draining
 q - a +1 war axe of flaming
 A - a +1 war axe of draining {Sunngifu}
 K - a +4 trident of draining (offhand) {Fernando}
Missiles
 c - a curare-tipped dart
 j - 34 poisoned darts
 k - 11 javelins
 m - 4 throwing nets (quivered)
Armour
 h - a +1 pair of boots (worn)
 v - a +0 cloak (worn)
 H - a +1 hat (worn)
 I - a +0 pair of gloves (worn)
 J - +1 acid dragon scales (worn)
Talismans
 f - a flux talisman
 x - a serpent talisman
Wands
 l - a wand of charming (5)
 r - a wand of mindburst (2)
 C - a wand of warping (7)
 D - a wand of digging (5)
Scrolls
 b - 2 scrolls of noise
 e - 3 scrolls of vulnerability
 i - 2 scrolls of identify
 p - 3 scrolls of fog
 t - 4 scrolls of teleportation
 u - 2 scrolls of immolation
 y - 3 scrolls of poison
Potions
 o - a potion of attraction
 s - 2 potions of lignification
 E - 2 potions of mutation
 M - a potion of brilliance


   Skills:
 * Level 7.6 Fighting
 * Level 7.6(8.9) Axes
 * Level 6.5(7.9) Polearms
 + Level 3.3 Ranged Weapons
 + Level 4.5 Throwing
 * Level 6.8 Armour
 * Level 6.4 Dodging
 + Level 4.4 Stealth
 + Level 4.6 Unarmed Combat
 + Level 4.2 Spellcasting
 + Level 3.2 Translocations
 + Level 3.6 Alchemy
 + Level 6.0 Evocations
 + Level 3.4 Shapeshifting


You couldn't memorise any spells.
You knew the following spells:

 Your Spells              Type           Power      Damage    Failure   Level
a - Sculpt Simulacrum     Ice/Alch       6%         N/A       100%        6
b - Lesser Beckoning      Tloc           36%        N/A       12%         2
c - Teleport Other        Tloc           18%        N/A       22%         3
d - Scorch                Fire           8%         2d5       38%         2
w - Passwall              Erth           4%         N/A       61%         3
x - Mephitic Cloud        Conj/Alch/Air  10%        N/A       43%         3

Your spell library contained the following spells:

 Spells                   Type           Power      Damage    Failure   Level
 Maxwell's Portable Pile  Tloc           18%        2d(7-19)  22%         3
 Ensorcelled Hibernation  Hex/Ice        8%         N/A       38%         2
 Static Discharge         Conj/Air       8%         3-4/arc   38%         2
 Dazzling Flash           Conj/Hex       8%         N/A       61%         3
 Hailstorm                Conj/Ice       4%         3d5       61%         3
 Stone Arrow              Conj/Erth      8%         3d7       61%         3
 Summon Ice Beast         Ice/Summ       4%         N/A       61%         3
 Swiftness                Air            4%         N/A       61%         3
 Airstrike                Air            2%         2d(1-17)  93%         4
 Animate Armour           Summ/Erth      8%         N/A       93%         4
 Flame Wave               Conj/Fire      4%         2d5       93%         4
 Summon Lightning Spire   Summ/Air       4%         N/A       93%         4
 Silence                  Hex/Air        2%         N/A       100%        5
 Permafrost Eruption      Ice/Erth       2%         2x4d2     100%        6
 Summon Cactus Giant      Summ           2%         N/A       100%        6
 Seismic Cannonade        Alch/Erth      6%         6d5       100%        7
 Lehudib's Crystal Spear  Conj/Erth      2%         10d2      100%        8


Dungeon Overview and Level Annotations

Branches:
Dungeon (12/15)            Temple (1/1) D:4            Lair (0/5) D:9
    Orc (0/2) D:12

Altars:
Ashenzari
Cheibriados
Dithmenos
Elyvilon
Fedhas
Gozag
Hepliaklqana
Kikubaaqudgha
Makhleb
Nemelex Xobeh
Okawaru
Qazlal
Ru
Sif Muna
Trog
Uskayaw
Vehumet
Wu Jian
Xom
Yredelemnul
Zin
The Shining One

Shops:
D:1 *   D:10 (

Annotations:
D:10 2 transporters


Innate Abilities, Weirdness & Mutations

You can wield a second weapon in your off-hand.
It takes a long time for you to wield or remove held weapons.
Your first few attacks do less damage.
You cannot equip rings or amulets.
You have a beak for a mouth.
You are partially covered in iridescent scales. (AC +2)
You are agile. (Dex +4, Str/Int -1)
Your mind is very acute. (Int +8, Str/Dex -2)
Your flesh is very heat resistant. (rF++)
You are somewhat resistant to further mutation.
You are robust. (+10% HP)
You are covered in fur. (AC +1)
Your muscles are strong. (Str +4, Int/Dex -1)
Your spells are a little harder to cast, but a little more powerful.


Message History

The deep elf pyromancer gestures wildly while chanting.
The yak misses you. The warg bites you!
* * * LOW HITPOINT WARNING * * *
The water moccasin completely misses you.
You hear a shout!
You take 11 damage, and have 21/101 hp.
Aiming: Mindburst
Press: ? - help, Shift-Dir - straight line, f - yak
Aim: a yak (heavily wounded, chance to affect: 84%)
The yak's mind is blasted!!
You blow up the yak!
The warg bites you.
* * * LOW HITPOINT WARNING * * *
The water moccasin bites you but does no damage.
The warg bites you!
* * * LOW HITPOINT WARNING * * *
The water moccasin attacks as it pursues you!
The water moccasin misses you. The yak misses you.
You take 11 damage, and have 10/101 hp.
You hit the deep elf pyromancer with your +4 trident of draining.
You drain the deep elf pyromancer.
Your peck misses the deep elf pyromancer.
The deep elf pyromancer is moderately wounded.
You hit the deep elf pyromancer with your +0 hand axe of chaos.
The deep elf pyromancer's magic leaks into the air.
You closely miss the warg with your +0 hand axe of chaos.
You hit the fire elemental with your +0 hand axe of chaos.
The fire elemental becomes as fragile as glass!
You hit the yak with your +0 hand axe of chaos.
You miss the water moccasin with your +0 hand axe of chaos.
The water moccasin bites you but does no damage.
The fire elemental hits you. The fire elemental burns you! You resist.
* * * LOW HITPOINT WARNING * * *
The warg bites you.
* * * LOW HITPOINT WARNING * * *
The orc priest casts a cantrip, but nothing happens.
The deep elf pyromancer points at you and mumbles some strange words.
The bolt of fire hits you! You resist.
You die...
Xom guffaws!

##....... .# #......>....#
..... ... ............# .....
...[ #...........##.....
....##(...##..........
...##.....?....##......... ..
.........○.E............#
..##......o..)○e@......##...#
............###YSh.....##...#
...o...........YY...........###
##.o..)....o..?.[.............#
##.e..)......>..........##..#.#
.)o.Y.)°○...............##..# #
..o...)EE...................#
.##.....)...................#
.##...................##....#


You could see a deep elf pyromancer (drained, magic disrupted), 3 yaks, a fire
elemental (summoned, vitrified), a warg, a water moccasin, an orc priest and an
orc.

Vanquished Creatures
  A hydra (D:12)
  5 two-headed ogres
  Erica (D:8)
  An arcanist (D:11)
  A deep elf pyromancer (D:12)
  An elephant (D:9)
  The ghost of markshark the Poker, a novice MiFi of Lugonu (D:5)
  A gargoyle (D:11)
  4 molten gargoyles (D:9)
  Maggie (D:8)
  An unseen horror (D:5)
  Jeremiah (D:8)
  A komodo dragon (D:9)
  A tyrant leech (D:11)
  A troll (D:10)
  A wyvern (D:9)
  A shadow (D:11)
  A vampire (D:10)
  A wraith (D:12)
  23 yaks
  A human (D:12)
  A warg (D:12)
  5 vampire mosquitoes (D:12)
  2 water moccasins
  2 ice beasts
  3 orc warriors
  5 black bears
  A hornet zombie (D:7)
  8 centaurs
  A phantom (D:5)
  2 bullfrogs (D:9)
  3 kobold brigands
  2 gnoll sergeants
  2 wyvern zombies (D:7)
  3 scorpions
  7 wights
  29 killer bees (D:10)
  8 howler monkeys
  An electric eel (D:8)
  A crimson imp (D:11)
  A lava snake (D:9)
  2 jellies
  2 bombardier beetles
  2 centaur zombies (D:7)
  5 orc priests
  Crazy Yiuf (D:3)
  2 gnoll boudas (D:6)
  6 hounds
  3 sleepcaps
  4 iguanas
  4 orc wizards
  2 killer bee zombies (D:7)
  2 howler monkey zombies (D:7)
  Robin (D:2)
  14 gnolls
  10 adders
  2 shadow imps (D:6)
  A white imp (D:8)
  2 ufetubi (D:3)
  A dart slug (D:1)
  37 orcs
  7 endoplasms
  5 giant cockroaches
  14 hobgoblins
  2 jackals (D:1)
  26 kobolds
  4 quokkas
  6 ball pythons
  6 bats
  2 frilled lizards (D:1)
  9 goblins
  6 rats
327 creatures vanquished.

Vanquished Creatures (collateral kills)
  A gargoyle (D:10)
  An unseen horror (D:10)
  A hornet (D:7)
  2 yaks (D:11)
  A bullfrog (D:9)
  4 killer bees (D:10)
  An iguana (D:4)
  An orc wizard (D:4)
  An adder (D:4)
  6 orcs
19 creatures vanquished.

Vanquished Creatures (others)
  2 killer bees (D:10)
  2 orc wizards (D:12)
  2 orcs (D:12)
6 creatures vanquished.

Grand Total: 352 creatures vanquished

Notes
Turn   | Place    | Note
-------+----------+-------------------------------------------
     0 | D:1      | ezpacito the Coglin Chaos Knight began the quest for the
                  | Orb.
     0 | D:1      | Reached XP level 1. HP: 18/18 MP: 1/1
    56 | D:1      | XOM: divination: detect creatures
    58 | D:1      | XOM: silly message
    91 | D:1      | Reached skill level 1 in Dodging
   146 | D:1      | Reached XP level 2. HP: 24/24 MP: 2/2
   482 | D:1      | XOM: 1-stop teleportation journey
   486 | D:1      | Reached XP level 3. HP: 29/29 MP: 3/3
   600 | D:1      | XOM: give mutations
   600 | D:1      | Gained mutation: Your flesh is heat resistant. (rF+) [Xom's
                  | grace]
   600 | D:1      | Gained mutation: You have a beak for a mouth. [Xom's grace]
   600 | D:1      | Gained mutation: You are robust. (+10% HP) [Xom's grace]
   828 | D:1      | Found Siheenei's General Store.
  1006 | D:1      | XOM: noise
  1162 | D:2      | Reached skill level 1 in Polearms
  1234 | D:2      | Noticed Robin
  1239 | D:2      | Killed Robin
  1240 | D:2      | Reached XP level 4. HP: 38/38 MP: 4/4
  1329 | D:2      | Found Taos's Distillery.
  1346 | D:2      | Bought a potion of degeneration for 14 gold pieces
  1543 | D:2      | XOM: silly message
  1883 | D:1      | Bought a potion of might for 56 gold pieces
  2174 | D:3      | XOM: noise
  2176 | D:3      | Found a faded altar of an unknown god.
  2205 | D:3      | Found an iron altar of Okawaru.
  2205 | D:3      | XOM: cloud trail
  2262 | D:3      | Reached XP level 5. HP: 43/45 MP: 5/5
  2382 | D:3      | Found a runed translucent door.
  2383 | D:3      | Noticed Crazy Yiuf
  2570 | D:3      | Found an ornate altar of the Wu Jian Council.
  2629 | D:3      | Killed Crazy Yiuf
  2839 | D:4      | XOM: summons 5 friendly demons
  2840 | D:4      | Noticed a black bear
  2846 | D:4      | Reached skill level 1 in Throwing
  2846 | D:4      | Reached skill level 1 in Spellcasting
  2846 | D:4      | Reached XP level 6. HP: 37/52 MP: 7/7
  2863 | D:4      | Reached skill level 1 in Evocations
  2870 | D:4      | Killed a black bear
  2871 | D:4      | Reached skill level 1 in Stealth
  2900 | D:4      | Found a hide-covered altar of Uskayaw.
  3042 | D:4      | Reached skill level 1 in Unarmed Combat
  3089 | D:4      | Reached XP level 7. HP: 59/59 MP: 8/8
  3293 | D:4      | Found a staircase to the Ecumenical Temple.
  3299 | Temple   | Entered the Ecumenical Temple
  3524 | D:4      | Found a glowing silver altar of Zin.
  3587 | D:5      | Entered Level 5 of the Dungeon
  3679 | D:5      | XOM: scenery: summon butterflies
  3697 | D:5      | You fall into a shaft and drop 3 floors!
  3711 | D:8      | XOM: 2-stop teleportation journey
  3875 | D:8      | XOM: summons 7 friendly demons
  3965 | D:8      | Reached XP level 8. HP: 62/67 MP: 10/10
  4101 | D:7      | XOM: give mutations
  4101 | D:7      | Gained mutation: Your spells are a little harder to cast,
                  | but a little more powerful. [Xom's grace]
  4101 | D:7      | Gained mutation: You are partially covered in iridescent
                  | scales. (AC +2) [Xom's grace]
  4101 | D:7      | Gained mutation: You are agile. (Dex +4, Str/Int -1) [Xom's
                  | grace]
  4149 | D:7      | XOM: 1-stop teleportation journey
  4262 | D:6      | XOM: enchant monster (good)
  4276 | D:6      | XOM: god gift: 47 gold pieces
  4519 | D:5      | XOM: god gift: 55 gold pieces
  4631 | D:5      | XOM: silly message
  4687 | D:5      | Found a runed translucent gate.
  4720 | D:5      | Found a runed translucent gate.
  4720 | D:5      | Noticed markshark's ghost (novice MiFi)
  4721 | D:5      | Found a runed translucent gate.
  4735 | D:5      | XOM: 3-stop teleportation journey
  4753 | D:5      | XOM: cleaving
  4755 | D:5      | Reached skill level 5 in Fighting
  4773 | D:5      | XOM: chaos cloud
  4781 | D:5      | Reached XP level 9. HP: 74/74 MP: 12/12
  4979 | D:5      | XOM: polymorph kobold -> something unseen
  4983 | D:5      | Reached skill level 5 in Axes
  4983 | D:5      | Reached skill level 1 in Shapeshifting
  4995 | D:5      | Killed markshark's ghost
  4998 | D:5      | Killed an unseen horror
  5249 | D:1      | Bought a scroll of fog for 56 gold pieces
  5249 | D:1      | Bought a potion of resistance for 140 gold pieces
  5511 | D:6      | Noticed a two-headed ogre
  5518 | D:6      | Killed a two-headed ogre
  5519 | D:6      | Reached XP level 10. HP: 35/83 MP: 13/13
  6056 | D:6      | XOM: summons friendly quasit
  6172 | D:6      | Reached skill level 5 in Armour
  6535 | D:6      | Learned a level 6 spell: Sculpt Simulacrum
  6539 | D:6      | Learned a level 3 spell: Passwall
  6542 | D:6      | Learned a level 2 spell: Lesser Beckoning
  6546 | D:6      | Learned a level 3 spell: Teleport Other
  6745 | D:7      | Found a radiant altar of Vehumet.
  6745 | D:7      | XOM: 8-stop teleportation journey
  6839 | D:7      | XOM: cast spell 'Summon Cactus Giant'
  7001 | D:7      | Found a shimmering blue altar of Sif Muna.
  7048 | D:7      | XOM: give mutations
  7048 | D:7      | Gained mutation: Your muscles are strong. (Str +4, Int/Dex
                  | -1) [Xom's grace]
  7048 | D:7      | Gained mutation: You are covered in fur. (AC +1) [Xom's
                  | grace]
  7048 | D:7      | Gained mutation: Your mind is acute. (Int +4, Str/Dex -1)
                  | [Xom's grace]
  7048 | D:7      | Gained mutation: Your mind is very acute. (Int +8, Str/Dex
                  | -2) [Xom's grace]
  7052 | D:7      | Found a basalt altar of Yredelemnul.
  7053 | D:7      | XOM: divination: detect creatures
  7137 | D:7      | XOM: scenery: summon butterflies
  7385 | D:7      | XOM: give mutations
  7385 | D:7      | Gained mutation: You are somewhat resistant to further
                  | mutation. [Xom's grace]
  7385 | D:7      | Gained mutation: Your flesh is very heat resistant. (rF++)
                  | [Xom's grace]
  7653 | D:7      | XOM: silly message
  7941 | D:8      | XOM: smoke on damage
  7967 | D:8      | XOM: noise
  8126 | D:8      | Noticed Maggie
  8139 | D:8      | Killed Maggie
  8237 | D:8      | Noticed Jeremiah
  8244 | D:8      | XOM: summons 2 hostile demons
  8248 | D:8      | Killed Jeremiah
  8249 | D:8      | Reached skill level 5 in Dodging
  8249 | D:8      | Reached skill level 1 in Alchemy
  8374 | D:8      | Noticed Erica
  8375 | D:8      | XOM: scenery: create altars
  8381 | D:8      | Killed Erica
  8382 | D:8      | Reached skill level 5 in Polearms
  8382 | D:8      | Reached skill level 1 in Ranged Weapons
  8382 | D:8      | Reached skill level 1 in Translocations
  8569 | D:8      | Found a blossoming altar of Fedhas.
  8701 | D:9      | XOM: confusion
  8712 | D:9      | Reached XP level 11. HP: 54/91 MP: 15/15
  8801 | D:9      | XOM: silly message
  8841 | D:9      | XOM: summons friendly ufetubus
  9013 | D:9      | XOM: confuse monster(s)
  9116 | D:9      | Found a sacrificial altar of Ru.
  9116 | D:9      | Found a stormy altar of Qazlal.
  9356 | D:1      | Bought a potion of berserk rage for 70 gold pieces
  9489 | D:4      | Identified a scroll of acquirement
  9489 | D:4      | Acquired 988 gold pieces
  9578 | D:2      | Bought a potion of mutation for 112 gold pieces
  9578 | D:2      | Bought 2 potions of haste for 280 gold pieces
  9578 | D:2      | Bought a potion of heal wounds for 70 gold pieces
  9578 | D:2      | Bought a potion of might for 56 gold pieces
  9578 | D:2      | Bought 2 potions of invisibility for 224 gold pieces
  9578 | D:2      | Bought a potion of haste for 140 gold pieces
  9578 | D:2      | Bought a potion of heal wounds for 70 gold pieces
  9578 | D:2      | Bought a potion of brilliance for 56 gold pieces
  9673 | D:8      | XOM: smoke on damage
  9794 | D:9      | XOM: summons friendly crimson imp
  9892 | D:9      | Reached skill level 5 in Evocations
 10196 | D:9      | XOM: smoke on damage
 10234 | D:9      | Found a shadowy altar of Dithmenos.
 10245 | D:9      | Noticed a two-headed ogre
 10258 | D:9      | Killed a two-headed ogre
 10381 | D:9      | Found a white marble altar of Elyvilon.
 10381 | D:9      | Found an ancient bone altar of Kikubaaqudgha.
 10388 | D:9      | XOM: draining
 10524 | D:9      | XOM: enchant monster (bad)
 10595 | D:9      | Found a staircase to the Lair.
 10636 | D:10     | Entered Level 10 of the Dungeon
 10736 | D:10     | XOM: blink monster(s)
 10754 | D:10     | XOM: confusion
 10801 | D:10     | XOM: confuse monster(s)
 10916 | D:10     | Learned a level 3 spell: Mephitic Cloud
 10974 | D:10     | XOM: enchant monster (good)
 11054 | D:10     | Found Duhon's Antique Weapon Shoppe.
 11067 | D:10     | XOM: summons friendly crimson imp
 11084 | D:10     | Reached XP level 12. HP: 61/100 MP: 17/17
 11086 | D:10     | Found a sparkling altar of Nemelex Xobeh.
 11149 | D:10     | XOM: god gift: runed hand cannon {god gift}
 11483 | D:10     | Found a transporter.
 11484 | D:10     | Found a transporter.
 11484 | D:10     | Noticed a catoblepas
 11485 | D:10     | Noticed a boulder beetle
 11604 | D:10     | XOM: god gift: leather armour {god gift}
 11921 | D:11     | XOM: scenery: create altars
 12010 | D:11     | XOM: summons 12 friendly demons
 12126 | D:11     | XOM: confuse monster(s)
 12220 | D:11     | Noticed a boulder beetle
 12222 | D:11     | XOM: swap monsters
 12226 | D:11     | a boulder beetle changed into a tyrant leech
 12360 | D:11     | XOM: silly message
 12637 | D:12     | Noticed a six-headed hydra
 12638 | D:12     | Noticed a two-headed ogre
 12640 | D:12     | XOM: chaos upgrade
 12646 | D:12     | Killed a six-headed hydra
 12648 | D:12     | Killed a two-headed ogre
 12700 | D:12     | Saving game... please wait.
 12700 | D:12     | Upgraded the game from 0.32-a0-960-g3814254bd7 to
                  | 0.32-a0-961-gd60f5e5fc7
 12743 | D:12     | Learned a level 2 spell: Scorch
 12771 | D:12     | XOM: divination: detect items
 12867 | D:12     | XOM: destruction
 12878 | D:12     | Found a staircase to the Orcish Mines.
 12878 | D:12     | Noticed a two-headed ogre
 12878 | D:12     | XOM: swap monsters
 12884 | D:12     | XOM: chaos upgrade
 12889 | D:12     | Killed a two-headed ogre
 12902 | D:12     | Noticed a two-headed ogre
 12905 | D:12     | XOM: summons friendly ufetubus
 12906 | D:12     | XOM: cleaving
 12909 | D:12     | Killed a two-headed ogre
 12911 | D:12     | XOM: confusion
 12983 | D:12     | XOM: 1-stop teleportation journey
 13015 | D:12     | HP: 3/101 [warg (6)]
 13015 | D:12     | Killed from afar by a deep elf pyromancer

Illustrated notes

Levels and vault maps discovered:
D:1:      amcnicky_arrival_flooded_fountain, layout_basic, serial_shops,
          nicolae_shop_peninsula, serial_bayou_lagoon_a
D:2:      layout_loops_cross, serial_shops, nicolae_shop_tiny_glass,
          minmay_pentomino_pile, uniq_robin
D:3:      cheibrodos_helix_gallery, layout_basic, okawaru_metal_pillars_1_2,
          nicolae_overflow_ecumenical_swirl, kennysheep_small_spiral,
          uniq_crazy_yiuf_cottage
D:4:      layout_loops_ring, mainiacjoe_overflow_24_doors, zin_scriptorium,
          minmay_temple_entry_enclosed_plants
D:5:      layout_basic, gammafunk_ghost_nasty_kobolds
D:6:      layout_basic
D:7:      layout_layer_cave, nicolae_yredelemnul_corpse_copse,
          marbit_many_paths, lemuel_tele_altar, serial_bayou_pond_c
D:8:      layout_loops_cross, fedhas_altar_4, chequers_decorated_corner,
          minivault_14, uniq_erica, uniq_jeremiah, uniq_maggie
D:9:      layout_loops_ring, nicolae_overflow_crystal_walls,
          gammafunk_temple_overflow_pools, mainiacjoe_overflow_catwalk_spiral,
          grunt_lair_entry_orc_guard_hut, minmay_variable_closet, minivault_8
D:10:     wad_woods_minihive, layout_basic, gammafunk_temple_overflow_arena,
          serial_shops, shop, corexii_corridor_pit
D:11:     layout_cross, lightli_wizard_tower
D:12:     layout_roguey, erik_orc_4, serial_shops, shop
Temple:   hellmonk_temple_of_storms

Skill      XL: |  1  2  3  4  5  6  7  8  9 10 11 12 |
---------------+-------------------------------------+-----
Dodging        | 1 2 3 4 5 6 |  6.4
Armour         | 2 3 4 5 6 |  6.8
Polearms       | 1 2 3 4 5 6 |  6.5
Throwing       | 1 2 3 4 |  4.5
Spellcasting   | 1 2 3 4 |  4.2
Evocations     | 1 2 3 4 5 6 |  6.0
Stealth        | 1 2 3 4 |  4.4
Unarmed Combat | 1 2 3 4 |  4.6
Fighting       | 4 5 6 7 |  7.6
Axes           | 4 5 6 7 |  7.6
Shapeshifting  | 1 2 3 |  3.4
Alchemy        | 1 2 3 |  3.6
Ranged Weapons | 1 2 3 |  3.3
Translocations | 1 2 3 |  3.2

Action                     |  1- 3 |  4- 6 |  7- 9 | 10-12 || total
---------------------------+-------+-------+-------+-------++-------
  Melee: Hand axe          |    48 |    74 |   126 |   449 ||   697
         War axe           |    46 |    80 |   132 |   127 ||   385
         Dagger            |     2 |       |       |       ||     2
         Peck              |     5 |    22 |    36 |   121 ||   184
         Trident           |       |       |       |   392 ||   392
  Evoke: Wand              |       |       |       |    17 ||    17
    Use: Scroll            |       |       |     4 |    15 ||    19
         Potion            |       |       |     6 |    18 ||    24
   Stab: Sleeping          |     1 |     1 |       |     9 ||    11
         Paralysed         |       |     2 |       |     3 ||     5
         Confused          |       |       |     6 |    17 ||    23
         Invisible         |       |       |     6 |    16 ||    22
         Petrifying        |       |       |       |     4 ||     4
         Distracted        |       |       |       |     1 ||     1
 Armour: Leather armour    |    32 |     8 |       |       ||    40
         Chain mail        |       |    82 |   106 |    88 ||   276
         Acid dragon scale |       |       |       |   326 ||   326
  Dodge: Dodged            |    39 |    49 |    51 |   429 ||   568

Table legend: (Time is in decaauts)
 A = Elapsed time spent in this place.
 B = Non-inter-level travel time spent in this place.
 C = Inter-level travel time spent in this place.
 D = Time resting spent in this place.
 E = Time spent auto-exploring this place.
 F = Levels seen in this place.
 G = Mean time per level.
                   A        B        C        D        E       F      G
               +--------+--------+--------+--------+--------+-----+--------+
         Total |  13043 |  11532 |   1511 |    134 |   9229 |  13 | 1003.3 |
       Dungeon |  13041 |  11531 |   1510 |    134 |   9229 |  12 | 1086.8 |
        Temple |      1 |      1 |      0 |      0 |      0 |   1 |    1.0 |
               +--------+--------+--------+--------+--------+-----+--------+

Top non-repeatable levels by time:
     D:7: 1693 daAuts
     D:9: 1389 daAuts
     D:1: 1300 daAuts
     D:6: 1284 daAuts
     D:8: 1189 daAuts
     D:5: 1079 daAuts
     D:4: 1032 daAuts
    D:10: 972 daAuts
     D:2: 889 daAuts
     D:3: 871 daAuts
    D:11: 858 daAuts
    D:12: 482 daAuts
  Temple: 1 daAuts
